Cogmind - Beta 10.2 @@@ ROGUE MODE // 2021.10.18 @ 17:28:40 Player: MinorBread Result: Self-destructed Performance ------------- Evolutions (5) 2500 Regions Visited (10) 2000 Robots Destroyed (66) 330 Value Destroyed (1566) 1566 Prototype IDs (35) 700 Alien Tech Used (0) 0 Bonus (416) 416 TOTAL SCORE: 7512 Bonus ------- High Alert Combat Kills 6 Follower Combat Kills 110 Aligned with FarCom 300 Cogmind --------- Core Integrity 731/1000 Matter 300/300 Energy 230/230 System Corruption 5% Temperature Cool (0) Movement Flying (117) Ox1 Location -5/Factory Parts ------- > --- POWER (2) -------- Light Fission Core Micro Fission Core > --- PROPULSION (6) --- Field Propulsion Drive Field Propulsion Drive > --- UTILITY (7) ------ Medium Storage Unit Medium Storage Unit Improved Signal Interpreter Improved Maneuvering Thrusters Improved Utility Shielding Hacking Suite Improved System Shield > --- WEAPON (2) ------- Heavy Mace > --- INVENTORY (12) --- Light Fission Core Enhanced Fission Core Advanced Melee Analysis Suite Improved ECM Suite Improved Maneuvering Thrusters Phase Shifter Cloak of Protection Layered Medium Armor Plating Peak State ------------ > --- POWER ------------ Light Fission Core Micro Fission Core > --- PROPULSION ------- Cesium-ion Thruster Improved VTOL Module Xenon Bombardment Thruster Xenon Bombardment Thruster Nuclear Pulse Thruster Cooled Cesium-ion Thruster > --- UTILITY ---------- Medium Storage Unit Advanced Visual Processing Unit Improved Signal Interpreter Improved Maneuvering Thrusters Improved Utility Shielding Hacking Suite Improved System Shield > --- WEAPON ----------- Improved Datajack Heavy Mace > --- INVENTORY -------- Light Fission Core Nuclear Pulse Thruster Field Propulsion Drive Improved ECM Suite Improved Maneuvering Thrusters Phase Shifter Cloak of Protection Chainsword [Rating: 69] Favorites ----------- Power Light Ion Engine Engine Light Ion Engine Power Core Micro Fission Core Propulsion Light Treads Treads Light Treads Leg Aluminum Leg Wheel Wheel Flight Unit Improved VTOL Module Utility Medium Storage Unit Device Maneuvering Thrusters Storage Medium Storage Unit Processor Improved Targeting Computer Hackware Hacking Suite Protection Improved Utility Shielding Weapon Assault Rifle Energy Gun Heavy EM Pulse Gun Ballistic Gun Assault Rifle Ballistic Cannon Light Cannon Impact Weapon Heavy Mace Slashing Weapon Chainsword Special Melee Weapon Improved Datajack Build | -11 -10 -10 -10 -9 -8 -7 -7 -7 -6 -5 ------- Run | Scr Mat Min Exi Min Mat Fac Low Low Fac Fac Slots Evolved 10 | . . . . . 4 2 . . 2 2 Power 1 | . . . . . . . . . 1 . Propulsion 4 | . . . . . 2 1 . . 1 . Utility 5 | . . . . . 2 1 . . . 2 Weapon . | . . . . . . . . . . . Parts Attached 117 | . 14 2 . 6 23 28 10 5 17 12 Power 26 | . 1 1 . . 2 2 6 5 4 5 Engine 3 | . . 1 . . 1 1 . . . . Core 23 | . 1 . . . 1 1 6 5 4 5 Reactor . | . . . . . . . . . . . Propulsion 32 | . 3 1 . 4 8 4 2 . 7 3 Treads 8 | . 1 1 . 2 4 . . . . . Leg 2 | . . . . 2 . . . . . . Wheel 2 | . 2 . . . . . . . . . Hover . | . . . . . . . . . . . Flight 20 | . . . . . 4 4 2 . 7 3 Utility 31 | . 4 . . . 6 13 . . 4 4 Device 10 | . . . . . 2 5 . . 1 2 Storage 7 | . 4 . . . 2 . . . . 1 Processor 7 | . . . . . 1 4 . . 2 . Hackware 2 | . . . . . . 1 . . . 1 Protection 5 | . . . . . 1 3 . . 1 . Artifact . | . . . . . . . . . . . Weapon 28 | . 6 . . 2 7 9 2 . 2 . Energy Gun 5 | . 1 . . 2 1 1 . . . . Energy Cannon . | . . . . . . . . . . . Ballistic Gun 9 | . 2 . . . 4 2 1 . . . Ballistic Cannon 2 | . 2 . . . . . . . . . Launcher . | . . . . . . . . . . . Special Weapon . | . . . . . . . . . . . Impact Weapon 5 | . . . . . 1 2 1 . 1 . Slashing Weapon 5 | . . . . . 1 4 . . . . Piercing Weapon . | . . . . . . . . . . . Special Melee Weapon 2 | . 1 . . . . . . . 1 . Unidentified Prototypes 9 | . . . . . 4 2 . . 2 1 Parts Lost 24 | . . 2 . . 6 2 6 . . 8 Power 3 | . . 1 . . 1 . 1 . . . Propulsion 16 | . . 1 . . 4 . 4 . . 7 Utility 3 | . . . . . . 2 1 . . . Weapon 2 | . . . . . 1 . . . . 1 Highest Loss Streak 5 | . . 2 . . 3 1 3 . . 5 Average Slot Usage (%) 92 | . 99 91 100 100 93 84 80 65 88 98 Engine 5 | . 3 . 14 14 8 1 4 . . . Core 4 | . 10 5 . . . 5 1 3 12 10 Treads 11 | . 13 14 14 16 27 . . . . . Wheel 5 | . 13 14 14 11 . . . . . . Flight 14 | . . . . . 5 35 32 23 34 34 Device 1 | . . . . . . 3 . . 5 5 Storage 17 | . 27 28 28 28 16 7 7 7 6 8 Processor 4 | . . . . . 7 6 7 7 6 8 Hackware 2 | . . . . . . 1 7 7 6 11 Protection 4 | . . . . . 7 6 10 7 5 5 Energy Gun 7 | . 3 14 14 22 10 1 . . . . Ballistic Gun 7 | . 18 14 14 5 7 4 . . . . Impact Weapon 1 | . . . . . . 2 6 7 6 5 Naked Turns . | . . . . . . . . . . . Heaviest Build 62 | 9 58 58 56 57 62 29 29 13 27 38 Greatest Support 80 | 20 20 20 20 40 80 39 31 17 42 45 Greatest Overweight (x) 9 | . 5 5 2 5 9 . . . . . Average Overweight (x) . | . 3 3 2 4 . . . . . . Largest Inventory Capacity 18 | 6 18 18 18 18 18 8 8 8 8 12 Average Capacity 13 | 6 15 18 18 18 16 8 8 8 8 9 Most Carried 15 | 6 15 15 14 14 15 8 8 8 8 10 Average Carried 10 | 6 11 14 13 13 11 7 7 7 7 8 Final Capacity 18 | 6 18 18 18 18 8 8 8 8 8 12 Final Carried 14 | 6 14 13 14 13 8 8 8 8 8 8 Class Distribution -------------------- 59% | Mutant 30% | Sprinter 7% | Hacker-Sprinter Dominant Class ---------------- Mutant | -10/Materials Mutant | -10/Mines Mutant | -10/Exiles Mutant | -9/Mines Mutant | -8/Materials Sprinter | -7/Factory Sprinter | -7/Lower Caves Sprinter | -7/Lower Caves Sprinter | -6/Factory Hacker-Sprinter | -5/Factory Resources | -11 -10 -10 -10 -9 -8 -7 -7 -7 -6 -5 ----------- Run | Scr Mat Min Exi Min Mat Fac Low Low Fac Fac Matter Collected 1843 | 200 316 57 . 57 343 316 117 . 333 104 Remotely . | . . . . . . . . . . . Salvage Created 2964 | . 320 100 . 343 724 570 320 . 422 165 Parts 121 | . 22 10 . 16 31 20 11 . 6 5 Haulers Intercepted 14 | . 1 . . . 3 6 . . 3 1 Recyclers Shooed 2 | . . . . 1 . 1 . . . . Parts Field Recycled . | . . . . . . . . . . . Retrieved Matter . | . . . . . . . . . . . Parts Self-Destructed 12 | . . . . . . . 12 . . . Prevented 1 | . . . . . . . 1 . . . Kills | -11 -10 -10 -10 -9 -8 -7 -7 -7 -6 -5 ------- Run | Scr Mat Min Exi Min Mat Fac Low Low Fac Fac Combat Hostiles Destroyed 44 | . 9 6 . 8 9 3 7 . 1 1 Melee 6 | . . . . . . 1 3 . 1 1 Guns 31 | . 7 6 . 8 6 1 3 . . . Cannons 2 | . 2 . . . . . . . . . AOE 3 | . . . . . 3 . . . . . Classes Destroyed 13 | . 4 . . 2 3 3 1 . . . Worker 2 | . 1 . . . 1 . . . . . Builder 1 | . . . . . . 1 . . . . Tunneler 1 | . . . . . . 1 . . . . Hauler 14 | . 1 . . . 3 6 . . 3 1 Recycler 3 | . . . . 1 1 1 . . . . Watcher 2 | . . . . . 1 . . . 1 . Swarmer 18 | . 3 6 . 3 . . 6 . . . Grunt 20 | . 6 . . 4 7 1 . . 1 1 Duelist 1 | . . . . . 1 . . . . . Sentry 3 | . . . . . 1 1 1 . . . Programmer 1 | . . . . . . 1 . . . . Samaritan 2 | . . . . . . . 2 . . . Assembled 1 | . . . . 1 . . . . . . Best Kill Streak 6 | . 3 6 . 3 4 6 3 . 2 1 Combat Bots Only 6 | . 3 6 . 3 3 1 3 . 1 1 Max Kills in Single Turn 2 | . 1 2 . 1 1 1 1 . 1 1 Gunslinging 1 | . . 1 . . . . . . . . Exploded 1 | . . . . . 1 . . . . . Melee 1 | . . . . . . 1 1 . 1 1 Uniques/NPCs Destroyed . | . . . . . . . . . . . Combat | -11 -10 -10 -10 -9 -8 -7 -7 -7 -6 -5 -------- Run | Scr Mat Min Exi Min Mat Fac Low Low Fac Fac Damage Taken 4131 | . 406 261 . 197 1000 506 809 . 146 806 Core 915 | . 60 41 . 85 69 109 250 . 32 269 Absorbed by Shields . | . . . . . . . . . . . Core Remaining (%) 71 | 100 . . . 25 87 . . 48 96 . Volleys Fired 152 | . 44 11 . 17 53 13 14 . . . Largest 2 | . 2 2 . 2 2 2 1 . . . Hottest 90 | . 65 65 . 90 90 70 25 . . . Shots Fired 278 | . 83 22 . 34 105 20 14 . . . Gun 261 | . 66 22 . 34 105 20 14 . . . Cannon 17 | . 17 . . . . . . . . . Launcher . | . . . . . . . . . . . Special . | . . . . . . . . . . . Kinetic 138 | . 61 11 . 2 43 7 14 . . . Thermal 43 | . 17 . . . 20 6 . . . . Explosive . | . . . . . . . . . . . Electromagnetic 97 | . 5 11 . 32 42 7 . . . . Robot Hit Streak 28 | . 16 8 . 4 28 12 13 . . . Robot Miss Streak 6 | . 6 3 . 3 2 2 4 . . . Penetration Max . | . . . . . . . . . . . Secondary Targets 6 | . . 2 . 2 2 . . . . . Max Gunslinging Chain 1 | . . 1 . 1 1 . . . . . Shots Hit Robots 265 | . 51 13 . 19 85 48 23 . 14 12 Core Hits 87 | . 17 6 . 11 31 11 7 . 1 3 Critical Hits . | . . . . . . . . . . . Critical Kills . | . . . . . . . . . . . Critical Parts Destroyed . | . . . . . . . . . . . Melee Attacks 227 | . 4 . . . 9 60 28 . 71 55 Impact 195 | . . . . . 1 43 28 . 71 52 Slashing 25 | . . . . . 8 17 . . . . Piercing . | . . . . . . . . . . . Sneak Attacks 22 | . 4 . . . . 9 3 . 4 2 Combat Hostiles 1 | . . . . . . . 1 . . . Follow-up Attacks . | . . . . . . . . . . . Damage Inflicted 6426 | . 542 152 . 275 1623 1804 767 . 834 429 Guns 2440 | . 460 152 . 275 1250 202 101 . . . Cannons 82 | . 82 . . . . . . . . . Explosions 373 | . . . . . 373 . . . . . Melee 3445 | . . . . . . 1602 666 . 834 343 Ramming 86 | . . . . . . . . . . 86 Kinetic 1012 | . 369 56 . . 398 88 101 . . . Thermal 858 | . 125 . . . 696 37 . . . . Explosive . | . . . . . . . . . . . Electromagnetic 1025 | . 48 96 . 275 529 77 . . . . Impact 3201 | . . . . . . 1358 666 . 834 343 Slashing 244 | . . . . . . 244 . . . . Piercing . | . . . . . . . . . . . Highest Corruption 5 | . . . . . 1 . . . 5 5 Average Corruption 4 | . . . . . 1 . . . 5 3 Corruption Purged . | . . . . . . . . . . . Effects 21 | . . . . . . . . . 21 . Message Errors 4 | . . . . . . . . . 4 . Matter Fused 7 | . . . . . . . . . 7 . Energy Discharges 3 | . . . . . . . . . 3 . Data Loss (minor) 1 | . . . . . . . . . 1 . Data Loss (major) 2 | . . . . . . . . . 2 . Targeting Errors 4 | . . . . . . . . . 4 . Overload Shots . | . . . . . . . . . . . Overflow Damage 902 | . . . . . 32 275 258 . 321 16 Projectiles 23 | . . . . . . 23 . . . . Explosions 32 | . . . . . 32 . . . . . Melee 847 | . . . . . . 252 258 . 321 16 Knockbacks 17 | . 2 . . . . 7 2 . 5 1 Impact 14 | . . . . . . 6 2 . 5 1 Kinetic 1 | . 1 . . . . . . . . . Secondary 2 | . 1 . . . . 1 . . . . Self-Inflicted Damage 137 | . . . . . 51 . . . . 86 Shots 1 | . . . . . 1 . . . . . Rammed . | . . . . . . . . . . . Targets Rammed . | . . . . . . . . . . . Kicked . | . . . . . . . . . . . Crushed . | . . . . . . . . . . . Highest Temperature 319 | . 72 27 . 223 180 288 33 . 319 225 Average Temperature 56 | . 27 13 . 73 41 46 8 . 75 62 Received Heat Transfer 852 | . 114 . . 129 294 72 90 . 63 90 Effects 11 | . . . . 1 . 4 . . 4 2 Energy Bleed 5 | . . . . 1 . 1 . . 3 . Interference 5 | . . . . . . 3 . . . 2 Matter Decay 1 | . . . . . . . . . 1 . Siege Activations . | . . . . . . . . . . . Robots Corrupted . | . . . . . . . . . . . Combat Hostiles . | . . . . . . . . . . . Parts Fried 24 | . . . . . 2 16 3 . 3 . Impact Corruptions 32 | . . . . . . 15 9 . 7 1 Robots Melted . | . . . . . . . . . . . Combat Hostiles . | . . . . . . . . . . . Parts Melted 1 | . 1 . . . . . . . . . Heat Transferred 1128 | . 275 . . . 779 74 . . . . Parts Sabotaged . | . . . . . . . . . . . Parts Stolen . | . . . . . . . . . . . Parts Stripped . | . . . . . . . . . . . Power Chain Reactions 4 | . . . . . 4 . . . . . Missiles Intercepted . | . . . . . . . . . . . Alert | -11 -10 -10 -10 -9 -8 -7 -7 -7 -6 -5 ------- Run | Scr Mat Min Exi Min Mat Fac Low Low Fac Fac Peak Influence 398 | . 167 168 . 156 274 255 . . 398 195 Initial 187 | . . 48 . . 7 58 . . 187 109 Average 88 | . 62 59 . 30 73 80 . . 251 103 Maximum Alert Level 1 | . . . . . 1 1 . . 1 . Low Security (%) 88 | 100 100 100 . 100 96 92 . . 20 100 Level 1 11 | . . . . . 3 7 . . 79 . Level 2 . | . . . . . . . . . . . Level 3 . | . . . . . . . . . . . Level 4 . | . . . . . . . . . . . Level 5 . | . . . . . . . . . . . High Security . | . . . . . . . . . . . Max Security . | . . . . . . . . . . . Squads Dispatched 14 | . 5 . . . 3 2 . . 3 1 Investigation 6 | . 2 . . . 3 . . . 1 . Extermination 3 | . . . . . . 1 . . 1 1 Reinforcement 5 | . 3 . . . . 1 . . 1 . Assault . | . . . . . . . . . . . Garrison . | . . . . . . . . . . . Intercept . | . . . . . . . . . . . Construction Impeded 1 | . . . . . . 1 . . . . Haulers Reinforced 1 | . . . . . . . . . 1 . Stealth | -11 -10 -10 -10 -9 -8 -7 -7 -7 -6 -5 --------- Run | Scr Mat Min Exi Min Mat Fac Low Low Fac Fac Distress Signals 8 | . 2 . . . 4 . . . 2 . Communications Jammed . | . . . . . . . . . . . Distress Signals . | . . . . . . . . . . . Times Spotted 110 | . 17 6 . 11 24 13 24 1 9 5 Peak Tracking Total 9 | . 5 6 . 3 3 3 9 1 5 3 Tactical Retreats 19 | . 1 . . . 3 1 9 1 3 1 Traps | -11 -10 -10 -10 -9 -8 -7 -7 -7 -6 -5 ------- Run | Scr Mat Min Exi Min Mat Fac Low Low Fac Fac Traps Triggered 9 | . . . . . 1 4 . . 2 2 Indirectly . | . . . . . . . . . . . Trap Hack Attempts . | . . . . . . . . . . . Triggered . | . . . . . . . . . . . Disarmed . | . . . . . . . . . . . Reprogrammed . | . . . . . . . . . . . Reused . | . . . . . . . . . . . Traps Extracted . | . . . . . . . . . . . Installed . | . . . . . . . . . . . Triggered . | . . . . . . . . . . . Machines | -11 -10 -10 -10 -9 -8 -7 -7 -7 -6 -5 ---------- Run | Scr Mat Min Exi Min Mat Fac Low Low Fac Fac Machines Disabled 3 | . . . . . 2 . 1 . . . Max in Single Turn 1 | . . . . . 1 . 1 . . . Machines Sabotaged . | . . . . . . . . . . . Garrisons Compromised . | . . . . . . . . . . . Overloaded Fab Kills . | . . . . . . . . . . . Fab Network Shutdowns . | . . . . . . . . . . . Hacking | -11 -10 -10 -10 -9 -8 -7 -7 -7 -6 -5 --------- Run | Scr Mat Min Exi Min Mat Fac Low Low Fac Fac Machines Accessed 37 | . 7 . 1 . 4 14 . . 10 1 Terminals 29 | . 5 . . . 3 12 . . 8 1 Fabricators . | . . . . . . . . . . . Repair Stations 3 | . . . . . . 2 . . 1 . Recycling Units 3 | . 2 . . . 1 . . . . . Scanalyzers 1 | . . . . . . . . . 1 . Garrison Access . | . . . . . . . . . . . Total Hacks 82 | . 15 . 1 . 11 34 . . 19 2 Successful 49 | . 6 . 1 . 7 25 . . 9 1 Failed 32 | . 9 . . . 3 9 . . 10 1 Catastrophic 5 | . . . . . 1 2 . . 1 1 Database Lockouts 1 | . . . . . 1 . . . . . Manual 53 | . 12 . 1 . 7 18 . . 13 2 Terminals 70 | . 12 . . . 10 31 . . 15 2 Fabricators . | . . . . . . . . . . . Repair Stations 5 | . . . . . . 3 . . 2 . Recycling Units 4 | . 3 . . . 1 . . . . . Scanalyzers 2 | . . . . . . . . . 2 . Garrison Access . | . . . . . . . . . . . Terminal Hacks 21 | . 4 . 1 . 4 11 . . 1 . Record 2 | . . . . . 2 . . . . . Robot Analysis 1 | . 1 . . . . . . . . . Prototype ID Bank 1 | . . . . . . 1 . . . . Level Access Points 1 | . . . . . 1 . . . . . Branch Access Points 1 | . . . . . . 1 . . . . Alert Level 1 | . . . . . . 1 . . . . Locate Traps 6 | . 1 . . . 1 4 . . . . Hauler Manifests 3 | . 1 . . . . 1 . . 1 . Registered Components 1 | . . . . . . 1 . . . . Registered Prototypes 1 | . 1 . . . . . . . . . Zone Layout 2 | . . . . . . 2 . . . . EX-Prototype ID Bank 1 | . . . 1 . . . . . . . Fabricator Hacks . | . . . . . . . . . . . Repair Station Hacks 4 | . . . . . . 2 . . 2 . Scan Component 2 | . . . . . . 1 . . 1 . Repair 2 | . . . . . . 1 . . 1 . Recycling Unit Hacks . | . . . . . . . . . . . Scanalyzer 1 | . . . . . . . . . 1 . Insert Component 1 | . . . . . . . . . 1 . Garrison Access Hacks . | . . . . . . . . . . . Unauthorized Hacks 23 | . 2 . . . 3 12 . . 5 1 Terminals 20 | . . . . . 2 12 . . 5 1 Assimilate 1 | . . . . . . 1 . . . . Botnet 19 | . . . . . 2 11 . . 5 1 Fabricators . | . . . . . . . . . . . Repair Stations . | . . . . . . . . . . . Recycling Units 3 | . 2 . . . 1 . . . . . Tunnel 3 | . 2 . . . 1 . . . . . Scanalyzers . | . . . . . . . . . . . Garrison Access . | . . . . . . . . . . . Data Cores Recovered . | . . . . . . . . . . . Used . | . . . . . . . . . . . Hacking Detections 28 | . 5 . . . 2 10 . . 10 1 Full Trace Events 2 | . . . . . 2 . . . . . Feedback Events . | . . . . . . . . . . . Feedback Blocked . | . . . . . . . . . . . Robot Schematics Acquired . | . . . . . . . . . . . Robots Built . | . . . . . . . . . . . Matter . | . . . . . . . . . . . Time . | . . . . . . . . . . . Total Robot Build Rating . | . . . . . . . . . . . Part Schematics Acquired . | . . . . . . . . . . . Parts Built . | . . . . . . . . . . . Matter . | . . . . . . . . . . . Time . | . . . . . . . . . . . Total Part Build Rating . | . . . . . . . . . . . Parts Repaired 2 | . . . . . . 1 . . 1 . Time 98 | . . . . . . 60 . . 38 . Parts Recycled . | . . . . . . . . . . . Recycled Matter . | . . . . . . . . . . . Retrieved Matter . | . . . . . . . . . . . Retrieved Components . | . . . . . . . . . . . Parts Scanalyzed 1 | . . . . . . . . . 1 . Part Schematics Acquired . | . . . . . . . . . . . Parts Damaged . | . . . . . . . . . . . Bothacking | -11 -10 -10 -10 -9 -8 -7 -7 -7 -6 -5 ------------ Run | Scr Mat Min Exi Min Mat Fac Low Low Fac Fac Used RIF Installer . | . . . . . . . . . . . Robots Hacked 2 | . 1 . . . . . . . . 1 Non-combat 1 | . 1 . . . . . . . . . Combat 1 | . . . . . . . . . . 1 Robot Hacks Applied 3 | . 2 . . . . . . . . 1 parse_system 2 | . 1 . . . . . . . . 1 no_distress 1 | . 1 . . . . . . . . . Relay Couplers Released . | . . . . . . . . . . . Robots Rewired . | . . . . . . . . . . . Allies Hacked . | . . . . . . . . . . . Hacks Repelled . | . . . . . . . . . . . Allies | -11 -10 -10 -10 -9 -8 -7 -7 -7 -6 -5 -------- Run | Scr Mat Min Exi Min Mat Fac Low Low Fac Fac Total Allies 2 | . . . . 2 . . . . . . Largest Group 2 | . . . . 2 . . . . . . Highest-Rated Group 45 | . . . . 45 . . . . . . Highest-Rated Ally 31 | . . . . 31 . . . . . . Total Orders . | . . . . . . . . . . . Ally Attacks 16 | . . . . 16 . . . . . . Total Damage 271 | . . . . 271 . . . . . . Kills 4 | . . . . 4 . . . . . . Allies Corrupted . | . . . . . . . . . . . Allies Melted . | . . . . . . . . . . . Intel | -11 -10 -10 -10 -9 -8 -7 -7 -7 -6 -5 ------- Run | Scr Mat Min Exi Min Mat Fac Low Low Fac Fac Robot Analysis Total 1 | . 1 . . . . . . . . . Derelict Logs Recovered 6 | . . 1 . 1 . . 3 1 . . Drone Launches . | . . . . . . . . . . . Drone Recoveries . | . . . . . . . . . . . Exploration | -11 -10 -10 -10 -9 -8 -7 -7 -7 -6 -5 ------------- Run | Scr Mat Min Exi Min Mat Fac Low Low Fac Fac Turns Passed 8303 | 5 1095 623 453 1288 1554 1185 466 125 893 616 Spaces Moved 8191 | 5 669 358 227 607 841 1767 864 158 1609 1086 Core 2 | . . . . . 2 . . . . . Treads 1104 | . 113 176 227 141 447 . . . . . Legs 16 | 5 11 . . . . . . . . . Wheels 1193 | . 545 182 . 466 . . . . . . Hover . | . . . . . . . . . . . Flight 5876 | . . . . . 392 1767 864 158 1609 1086 Fastest Speed 23 | 120 80 130 200 130 27 24 24 30 23 23 Average Speed 61 | 120 128 164 200 145 104 25 25 30 24 23 Slowest Speed 500 | 120 200 200 200 200 500 27 30 30 30 26 Overloaded Moves . | . . . . . . . . . . . Propulsion Burnouts . | . . . . . . . . . . . Robots Hopped 2 | . . . . . . . 1 . . 1 Cave-ins Triggered . | . . . . . . . . . . . Exploration Rate (%) 53 | 2 99 84 59 72 35 53 91 23 43 28 Regions Visited 10 Branch Regions 5 Pre-discovered Areas 5 | . 2 1 . . 1 . 1 . . . Known Exits Taken 4 | . . . . . 1 1 . 1 1 . Unknown Exits Taken 6 | 1 1 1 1 1 . . 1 . . . Scrap Searched 6 | . . 1 . 1 . . 4 . . . Spaces Dug 129 | . . . . . 9 19 6 . 54 41 Terrain Destroyed 142 | . . . . . 20 19 6 . 54 43 Melee 129 | . . . . . 9 19 6 . 54 41 Projectile . | . . . . . . . . . . . AOE 11 | . . . . . 11 . . . . . Terrain Rammed 2 | . . . . . . . . . . 2 Walls Destroyed 2 | . . . . . . . . . . 2 Machines Disabled . | . . . . . . . . . . . Actions | -11 -10 -10 -10 -9 -8 -7 -7 -7 -6 -5 --------- Run | Scr Mat Min Exi Min Mat Fac Low Low Fac Fac Total 10826 | 4 814 371 227 976 1403 2409 1071 237 1967 1347 Wait 1876 | . 54 . . 344 436 448 143 70 222 159 Move 8176 | 4 668 357 226 606 840 1766 861 157 1608 1083 Hop 2 | . . . . . . . 1 . . 1 Pick Up 84 | . 19 1 1 1 19 12 5 . 13 13 Fast Attach 33 | . 1 . . . 4 18 . . 10 . Attach 49 | . 2 2 . . 12 6 8 5 5 9 Detach 19 | . . . . . 2 4 6 5 2 . Swap 36 | . 11 . . 6 8 4 2 . 2 3 Drop 84 | . 11 . . 2 20 24 3 . 16 8 Fire 152 | . 44 11 . 17 53 13 14 . . . Melee 227 | . 4 . . . 9 60 28 . 71 55 Ram 2 | . . . . . . . . . . 2 Kick . | . . . . . . . . . . . Crush . | . . . . . . . . . . . Escape Stasis 86 | . . . . . . 54 . . 18 14 Rewire . | . . . . . . . . . . . Trap . | . . . . . . . . . . . Miscellaneous . | . . . . . . . . . . . Route ------- -11/Scrapyard -10/Materials (discovered 4 exits: [*Mat x3] / [*Min]) -10/Mines (discovered 2 exits: [*Mat] / *Exi) -10/Exiles -9/Mines -8/Materials (discovered 3 exits: *Fac x3) -7/Factory (discovered 5 exits: *Fac x2 / *Sto / *Low x2) -7/Lower Caves -7/Lower Caves -6/Factory (discovered 4 exits: *Fac x2 / [*Low x2]) -5/Factory History --------- Turn | Location | Event 1 | -11/Scrapyard | Discovered new exit (range 3) 6 | -11/Scrapyard | Entered Materials 181 | -10/Materials | Discovered new exit (range 8) 298 | -10/Materials | Discovered new exit (range 16) 302 | -10/Materials | Build established: Mutant 852 | -10/Materials | Discovered new exit (range 15) 928 | -10/Materials | Discovered new exit (range 15) 1101 | -10/Materials | Entered Mines 1182 | -10/Mines | Learned location of Zion (-7) 1202 | -10/Mines | Deemed a non-threat by the Exiles lab entrance 1202 | -10/Mines | Discovered new exit (range 5) 1220 | -10/Mines | Found a damaged Exp. Sensor Array with a note attached 1222 | -10/Mines | Found Prototype Device 1336 | -10/Mines | Discovered new exit (range 8) 1724 | -10/Mines | Entered Exiles 1774 | -10/Exiles | Met 8R-AWN 1808 | -10/Exiles | Met EX-HEX 1862 | -10/Exiles | Met EX-BIN 1886 | -10/Exiles | Aligned with FarCom system 1888 | -10/Exiles | Given EX-Vault access code 1936 | -10/Exiles | Opened EX-Vault 1952 | -10/Exiles | Found Cloak of Protection 1991 | -10/Exiles | Warned to stay clear of 0b10 Research branches 2053 | -10/Exiles | Met EX-DEC 2159 | -10/Exiles | Discovered new exit (range 10) 2177 | -10/Exiles | Left Exiles lab with Cloak of Protection 2177 | -10/Exiles | Entered Mines 2379 | -9/Mines | Learned Materials terminal intel 2538 | -9/Mines | Found a hidden stash of uninstalled traps 2880 | -9/Mines | Core integrity fell below 50% 3165 | -9/Mines | Discovered new exit (range 13) 3207 | -9/Mines | Excavation squad dispatched 3207 | -9/Mines | A large section of the Mines collapsed 3465 | -9/Mines | Entered Materials 3465 | -8/Materials | Evolved 4 slots: Propulsion x2, Utility x2 3466 | -8/Materials | Loaded intel: 12 terminal locations 4345 | -8/Materials | Identified exit to Factory 4578 | -8/Materials | Central database locked down 4634 | -8/Materials | Lost 3 parts (3n) 5019 | -8/Materials | Entered Factory 5019 | -7/Factory | Evolved 2 slots: Propulsion x1, Utility x1 5076 | -7/Factory | Build established: Sprinter 5441 | -7/Factory | Identified exit to Storage 5441 | -7/Factory | Identified exit to Lower Caves 5745 | -7/Factory | Repaired Imp. VTOL Module 5815 | -7/Factory | Discovered new exit (range 6) 5816 | -7/Factory | Identified exit to Factory 5883 | -7/Factory | Discovered exit to Factory (range 22) 6204 | -7/Factory | Entered Lower Caves 6226 | -7/Lower Caves | Attacked by a delusional Derelict stockpiling parts 6241 | -7/Lower Caves | Spotted B-75 Beast 6262 | -7/Lower Caves | Learned location of 1 exit from Factory 6386 | -7/Lower Caves | Attracted the attention of an 0b10 checkpoint 6396 | -7/Lower Caves | Attracted the attention of an 0b10 outpost 6515 | -7/Lower Caves | Learned location of 1 exit from Factory 6539 | -7/Lower Caves | Lost 3 parts (1p2n) 6542 | -7/Lower Caves | Encountered a Warlord checkpoint 6611 | -7/Lower Caves | Core integrity fell below 50% 6668 | -7/Lower Caves | Discovered new exit (range 8) 6670 | -7/Lower Caves | Entered another Lower Caves area 6680 | -7/Lower Caves | Discovered exit to Factory (range 6) 6682 | -7/Lower Caves | Spotted B-75 Beast 6683 | -7/Lower Caves | Learned Factory terminal intel 6795 | -7/Lower Caves | Entered Factory 6795 | -6/Factory | Evolved 2 slots: Power x1, Propulsion x1 6796 | -6/Factory | Identified exit to Factory 6797 | -6/Factory | Loaded intel: 20 terminal locations 6941 | -6/Factory | Discovered new exit (range 15) 7079 | -6/Factory | Repaired Imp. Utility Shielding 7113 | -6/Factory | Discovered new exit (range 17) 7688 | -6/Factory | Entered another Factory area 7688 | -5/Factory | Evolved 2 slots: Utility x2 7977 | -5/Factory | Build established: Hacker-Sprinter 8221 | -5/Factory | Lost 3 parts (2n1w) 8304 | -5/Factory | Self-destructed Last Messages --------------- 08257_ Hvy. Mace temporarily disabled. 08257_ Imp. Maneuvering Thrusters temporarily disabled. 08268_ Slammed into Wall. 08268_ Destabilizing: System interference. 08268_ Imp. Signal Interpreter temporarily disabled. 08268_ Destabilizing: Core damaged (-20). 08269_ Slammed into Wall. 08269_ Nuclear Pulse Thruster permanently disabled. 08269_ Destabilizing: Short circuit. 08269_ Destabilizing: Core damaged (-40). 08286_ Xenon Bombardment Thruster destroyed. 08293_ Broken Nuclear Pulse Thruster destroyed. 08293_ Xenon Bombardment Thruster destroyed. 08293_ Destroyed Imp. Target Analyzer. 08293_ P-70 Sage system corrupted by crushing effect. 08293_ P-70 Sage knocked back. 08299_ P-70 Sage resets P-70 Sage, system corruption cleaned. 08299_ Imp. VTOL Module destroyed. 08304_ Cld. Cesium-ion Thruster destroyed. [Achievement: Just Browsing] Map ----- +----------------------------------------------------+ | # +????????# ""T"" # " | | [[ #+##########????????# """"" #! | | [[ # "#?????????## # | | [[ # ##??????????# # | | + #???????????? ###""T""###### | | # #???????????? #?#"""""?????######+ | | """ # #???????????? #???####???????????? | | """ # #????????????????????????????????? | | """ # #????????????????????????????????? | | # #????????????????????????????????? | | # ] +????o???????????????????????????? | | #####+###########????????????????????????????????? | | ! ! # #?????########?????????????????????????????? | | # #???? +?????????????????????????????? | | # #???? #?????????????????????????????? | | # #??? #?????????????????????????????? | | ##+## #### #?????????????????????????????? | | + #?????????????????????????????? | | ## ####### #?????????????????????????????? | | ## ###???? #???########??????????????????? | | #????? #???# #??????????????????? | | ######+##+#####???# #??????????????????? | | ?????## #??????????????????? | | ######+##???????##; #??????????????????? | | #???????????????# p #??????????????????? | | ##+###???????????????# # @ #??????????????????? | | # ????????????????# ##;p#####?????????????????? | | # #???????????????# ## #?????????????????? | | # #???????????????# ## " " ########??????????? | | # #???????????????# ## " " ## #??????????? | | # #???????????????# "#! " " ##=== #??????????? | | #"" #???????????????# ## " " ##=== #??????????? | | #"Y #???????????????# ## " " ##=== #??????????? | | #"" !#???????????????# ## " " ## #??????????? | | # #???????????????# ## " " ## ########## | | #??###???????????????# ##! "Y" ## + | | #?????????????"""""??# ## " " ## #### ##### | | #?????????????""""" # ## ## """ ####+####### | | #?????????????""""" # ## ## """ ## | | #????????????? ?# ## ## """ ## | | #????????????? ???# ## ## ## = | | ###############+###### #####+######+#### | | # | | # | | + | | # | | # | | +####################+####### #####+##+# | | #???## ! # # # | | #????#[ # + # | +----------------------------------------------------+ Best States ------------- Heat Dissipation 40 Energy Generation 31 Energy Capacity 350 Matter Stores 300 Matter Capacity 300 Sight Range 22 Terrain Scan Density 10 ECM Strength 2 Cloak Strength 5 Additional Mass Support 9 Armor Coverage 150 Utility Shielding 66 Weapon Shielding 33 Evasion (%) 75 Targeting Accuracy 6 Recoil Reduction 4 Offensive Hacking 10 Defensive Hacking 12 Item Schematics ----------------- None Robot Schematics ------------------ None Fabricated ------------ Nothing Alien Tech Used ----------------- None Achievements -------------- Brute Force Can't Catch Me Dodgeball, But With Guns Just Browsing Part-time Excavator Challenges ------------ None Game ------ Seed SuperchargedArmorAirjet Manual? 0 Play Time 02:10:48 Cumulative 22.7 hours Start 2021.10.18 @ 13:21:14 End 2021.10.18 @ 17:28:40 Sessions 1 Manual Loads 0 Difficulty Rogue Special Mode None Game No. 17 Rogue 17 Adventurer 0 Explorer 0 Win Type - Total 0 Types 0/0/0/0/0/0/0/0/0 Lore% 6 Gallery% 26 Achievement% 20 Wizard Run 0 Options --------- ASCII 0 Keyboard 0 Movement Numpad Keybinds 0 Fullscreen 0 Font 20/SmallcapsGlow Map View 76x50 Tactical HUD 1 Map Filters NONE Filters NONE Steam 1 RUN: 05303dba-f666-43d3-850b-3cca1ee2f91f